 Dungeon Crawl Stone Soup version 0.29-a0-284-gf9362112df (webtiles) character file.

Game seed: 14509475824735854625

422 Zonian the Gusty (level 6, -1/32 HPs)
             Began as a Tengu Air Elementalist on Mar 29, 2022.
             Was an Initiate of Ashenzari.
             Slain by an orc
             ... wielding a +0 hand axe
              (5 damage)
             ... on level 5 of the Dungeon.
             The game lasted 00:07:56 (7619 turns).

Zonian the Gusty (Tengu Air Elementalist)           Turns: 7619, Time: 00:07:56

Health: -1/32      AC:  2    Str:  9    XL:     6   Next: 95%
Magic:  10/12      EV: 16    Int: 15    God:    Ashenzari [......]
Gold:   267        SH:  0    Dex: 16    Spells: 8/11 levels left

rFire   . . .      SeeInvis .   u - +2 hand axe (venom)
rCold   . . .      Faith    .   (no shield)
rNeg    . . .      Spirit   .   a - +0 robe of the Eternal Comet {Evo, Elem} (curse)
rPois   .          Reflect  .   (helmet restricted)
rElec   .          Harm     .   (no cloak)
rCorr   .          Rampage  .   (no gloves)
Will    .....                   (boots unavailable)
Stlth   +++.......              (no amulet)
HPRegen 0.10/turn               (no ring)
MPRegen 0.13/turn               (no ring)

@: flying quickly and evasively, quick
A: beak, talons 3, nimble flight
a: Renounce Religion, Curse Item, Shatter the Chains


You were on level 5 of the Dungeon.
You worshipped Ashenzari.
Ashenzari was noncommittal.
You visited 1 branch of the dungeon, and saw 5 of its levels.

You collected 267 gold pieces.

Inventory:

Hand Weapons
 j - a +0 whip
 l - a +0 short sword
 s - the +6 broad axe of Nusaafir {venom, Str+4}
   (You found it on level 4 of the Dungeon)

   It poisons the flesh of those it strikes.
   Str:       It affects your strength (+4).
 u - a +2 hand axe of venom (weapon)
Missiles
 f - 2 poisoned darts
Armour
 a - the cursed +0 robe of the Eternal Comet (worn) {Evo, Elem}

   It has a curse which improves the following skills: Evocations: Evocations.
   Elements:  Fire Magic, Ice Magic, Air Magic and Earth Magic.
Scrolls
 k - a scroll of immolation
Potions
 b - a potion of magic
 c - 4 potions of curing
 d - a potion of attraction {unknown}
 e - a potion of might {unknown}
 g - a potion of ambrosia {unknown}
 h - 3 potions of degeneration
 n - a potion of flight {unknown}
 p - a potion of haste {unknown}
 q - a potion of mutation {unknown}
 r - a potion of heal wounds {unknown}


   Skills:
 + Level 0.2 Fighting
 + Level 0.1 Axes
 + Level 3.9 Dodging
 + Level 3.8 Stealth
 + Level 3.3 Spellcasting
 + Level 4.1 Conjurations
 + Level 5.6(6.0) Air Magic


You had 8 spell levels left.
You knew the following spells:

 Your Spells              Type           Power      Damage    Failure   Level
a - Shock                 Conj/Air       68%        1d7       2%          1
b - Static Discharge      Conj/Air       17%        N/A       3%          2

Your spell library contained the following spells:

 Spells                   Type           Power      Damage    Failure   Level
 Magic Dart               Conj           60%        1d6       3%          1
 Swiftness                Air            20%        N/A       4%          3
 Airstrike                Air            10%        N/A       16%         4
 Slow                     Hex            8%         N/A       19%         1
 Lightning Bolt           Conj/Air       8%         1d21      54%         5
 Maxwell's Capacitive Co  Air            10%        ∞         100%        8


Dungeon Overview and Level Annotations

Branches:
Dungeon (5/15)
 Temple: D:4-7

Altars:
Ashenzari

Annotations:
D:3 3 runed translucent doors, Bediveer's ghost, amateur DgHu


Innate Abilities, Weirdness & Mutations

You have a beak for a mouth.
You have claws for feet.
Your magical nature lets you fly swiftly and evasively.


Message History

You hit the orc priest.
The orc priest is poisoned.
You claw the orc priest, but do no damage.
You peck the orc priest.
The orc priest is heavily wounded.
You barely miss the orc.
The orc priest hits you but does no damage.
The orc completely misses you.
You barely miss the orc priest.
You claw the orc priest, but do no damage.
The orc priest is heavily wounded.
You hit the orc but do no damage. The orc priest hits you with a +0 whip.
The orc hits you with a +0 hand axe.
Unknown command.
You barely miss the orc priest. Your kick misses the orc priest.
The orc priest is heavily wounded.
You barely miss the orc.
The orc priest invokes the aid of Beogh against you.
You barely resist. The orc barely misses you. The orc closely misses you.
The orc priest calls down the wrath of Beogh upon you.
Beogh smites you!
* * * LOW HITPOINT WARNING * * *
Casting: Shock (safe; 2% risk of failure)
Confirm with . or Enter, or press ? or * to list all spells.
Aiming: Shock (safe; 2% risk of failure)
Press: ? - help, Shift-Dir - straight line, f - orc priest
Aim: an orc priest, wielding a +0 whip (heavily wounded, very poisoned, 71% to hit)
The zap hits the orc priest.
The orc priest is almost dead.
The orc priest looks encouraged for a moment.
The orc hits you with a +0 hand axe.
* * * LOW HITPOINT WARNING * * *
Casting: Shock (safe; 2% risk of failure)
Confirm with . or Enter, or press ? or * to list all spells.
Aiming: Shock (safe; 2% risk of failure)
Press: ? - help, Shift-Dir - straight line, f/p - orc priest
Aim: an orc priest, wielding a +0 whip (almost dead, very poisoned, 71% to hit)
The zap misses the orc priest.
The orc priest hits you but does no damage.
The orc hits you with a +0 hand axe.
You die...

..........#
..........
..........
.#....#..##
..........
.##......####
......o.....#
.#...o@.#
.........#####
.............#
.........#####
.....#...#
.....#...#
.... #...#
..?. #...#
+....


You could see an orc priest (very poisoned) and an orc.

Vanquished Creatures
  A black bear (D:4)
  3 hounds
  An orc priest (D:4)
  An iguana (D:4)
  An orc wizard (D:4)
  6 adders
  A worm (D:2)
  5 dart slugs
  11 orcs
  7 ball pythons
  13 endoplasms
  3 giant cockroaches
  10 goblins
  5 hobgoblins
  2 jackals (D:3)
  A quokka (D:4)
  3 bats
  2 frilled lizards
  4 kobolds
  8 rats
88 creatures vanquished.

Notes
Turn   | Place    | Note
-------+----------+-------------------------------------------
     0 | D:1      | Zonian the Tengu Air Elementalist began the quest for the
                  | Orb.
     0 | D:1      | Reached XP level 1. HP: 10/10 MP: 4/4
   413 | D:1      | Found a faded altar of an unknown god.
   451 | D:1      | Prayed at the altar of an unknown god.
   451 | D:1      | Became a worshipper of Ashenzari the Shackled
   706 | D:1      | Reached XP level 2. HP: 15/15 MP: 1/6
  1342 | D:1      | Reached XP level 3. HP: 19/19 MP: 4/7
  2585 | D:2      | Reached XP level 4. HP: 24/24 MP: 4/8
  3077 | D:3      | Learned a level 2 spell: Static Discharge
  3225 | D:3      | Found a runed translucent gate.
  3225 | D:3      | Found a runed translucent gate.
  3225 | D:3      | Found a runed translucent gate.
  3231 | D:3      | Noticed Bediveer's ghost (amateur DgHu)
  3824 | D:3      | Gained mutation: Your magical nature lets you fly swiftly
                  | and evasively. [Tengu growth]
  3824 | D:3      | Reached XP level 5. HP: 12/28 MP: 0/10
  4714 | D:4      | Noticed a black bear
  4724 | D:4      | Killed a black bear
  4725 | D:4      | Reached skill level 5 in Air Magic
  5040 | D:4      | Reached XP level 6. HP: 9/32 MP: 6/11
  5592 | D:4      | Got Hyblil's Introduction to Casting
  5745 | D:4      | Identified the +6 broad axe of Nusaafir {venom, Str+4}
  6932 | D:5      | Entered Level 5 of the Dungeon
  7619 | D:5      | Slain by an orc

Illustrated notes

Levels and vault maps discovered:
D:1:      dpeg_arrival_concentric_ovals, layout_loops_ring,
          shapermc_ecumenical_altar_mp_highgroup
D:2:      layout_loops_cross, grunt_ministairs_7
D:3:      layout_loops_corners, gammafunk_ghost_necromancy, minivault_24,
          minmay_bisected
D:4:      layout_loops_cross, chequers_serial_rivers_room_a
D:5:      layout_basic, minmay_temple_entry_butterflies, serial_shops, shop,
          hex_tiny

Skill      XL: |  1  2  3  4  5  6 |
---------------+-------------------+-----
Conjurations   | 2 3 4 |  4.1
Dodging        | 3 |  3.9
Stealth        | 3 |  3.8
Spellcasting   | 3 |  3.3
Air Magic      | 5 |  5.6
Fighting       | |  0.2
Axes           | |  0.1

Action                   |  1- 3 |  4- 6 || total
-------------------------+-------+-------++-------
Melee: Unarmed           |    10 |       ||    10
       Peck              |     1 |     6 ||     7
       Kick              |     5 |    14 ||    19
       Short sword       |     8 |    17 ||    25
       Whip              |     3 |       ||     3
       Broad axe         |       |    13 ||    13
       Hand axe          |       |    12 ||    12
 Cast: Shock             |    64 |    91 ||   155
       Static Discharge  |       |     5 ||     5
Invok: Curse Item        |     1 |       ||     1
  Use: Scroll            |       |     6 ||     6
 Stab: Sleeping          |     1 |     1 ||     2
       Distracted        |       |     1 ||     1
Armor: Robe              |     5 |     7 ||    12
Dodge: Dodged            |    23 |    45 ||    68

Table legend: (Time is in decaauts)
 A = Elapsed time spent in this place.
 B = Non-inter-level travel time spent in this place.
 C = Inter-level travel time spent in this place.
 D = Time resting spent in this place.
 E = Time spent auto-exploring this place.
 F = Levels seen in this place.
 G = Mean time per level.
                   A        B        C        D        E       F      G
               +--------+--------+--------+--------+--------+-----+--------+
         Total |   7526 |   7417 |    109 |   3339 |   3460 |   5 | 1505.2 |
       Dungeon |   7526 |   7417 |    109 |   3339 |   3460 |   5 | 1505.2 |
               +--------+--------+--------+--------+--------+-----+--------+

Top non-repeatable levels by time:
     D:4: 2170 daAuts
     D:1: 1781 daAuts
     D:3: 1735 daAuts
     D:2: 1153 daAuts
     D:5: 686 daAuts
